 Dungeon Crawl Stone Soup version 0.29.0-4-gdea44cf6ec (webtiles) character file.

Game seed: 7261723768014919274

7 qw the Chopper (level 2, 0/17 HPs)
             Began as a Tengu Warper on Aug 28, 2022.
             Slain by a jackal (2 damage)
             ... on level 1 of the Dungeon.
             The game lasted 00:00:00 (59 turns).

qw the Chopper (Tengu Warper)                         Turns: 59, Time: 00:00:00

Health: 0/17       AC:  3    Str: 11    XL:     2   Next: 0%
Magic:  6/6        EV: 11    Int: 13    God:
Gold:   13         SH:  0    Dex: 13    Spells: 5/5 levels left

rFire   . . .      SeeInvis .   a - +0 hand axe
rCold   . . .      Faith    .   (no shield)
rNeg    . . .      Spirit   .   b - +0 leather armour
rPois   .          Reflect  .   (helmet restricted)
rElec   .          Harm     .   (no cloak)
rCorr   .          Rampage  .   (no gloves)
Will    .....                   (boots unavailable)
Stlth   +.........              (no amulet)
HPRegen 0.05/turn               (no ring)
MPRegen 0.10/turn               (no ring)

@: no status effects
A: beak, talons 3
a: no special abilities


You were on level 1 of the Dungeon.
You visited 1 branch of the dungeon, and saw 1 of its levels.

You collected 13 gold pieces.


Innate Abilities, Weirdness & Mutations

You have a beak for a mouth.
You have claws for feet.


   Skills:
 - Level 2.0 Fighting
 + Level 2.9 Axes
 - Level 1.0 Throwing
 - Level 1.1 Armour
 - Level 2.1 Dodging
 - Level 2.0 Spellcasting
 - Level 2.4 Translocations


You had 5 spell levels left.
You didn't know any spells.
Your spell library contained the following spells:

 Spells                   Type           Power      Damage    Failure   Level
 Blink                    Tloc           14%        N/A       19%         2
 Gell's Gravitas          Tloc           7%         N/A       36%         3
 Lesser Beckoning         Tloc           7%         N/A       36%         3
 Teleport Other           Tloc           7%         N/A       36%         3
 Manifold Assault         Tloc           7%         N/A       98%         5

Inventory:

Hand Weapons
 a - a +0 hand axe (weapon)
Missiles
 d - 4 boomerangs of dispersal (quivered)
Armour
 b - a +0 leather armour (worn)
Scrolls
 c - a scroll of blinking

Dungeon Overview and Level Annotations

Branches:
Dungeon (1/15)

Altars:


Message History

The jackal misses you.
The jackal barely misses you. x2; The jackal bites you.
You miss the jackal.
The jackal is lightly wounded.
You closely miss the jackal. The jackal barely misses you.
The jackal closely misses you.
The jackal bites you but does no damage.
The jackal misses you.
You hit the endoplasm. You peck the endoplasm.
The endoplasm is severely wounded.
You hit the jackal. You barely miss the jackal.
The endoplasm hits you but does no damage.
The jackal closely misses you.
The jackal bites you but does no damage.
You hit the endoplasm.
You kill the endoplasm!
You hit the jackal but do no damage. You hit the jackal.
You kill the jackal!
The jackal bites you. The jackal closely misses you.
You have reached level 2!
You closely miss the jackal. Your peck misses the jackal.
The jackal is lightly wounded.
The jackal closely misses you.
You closely miss the jackal. Your peck misses the jackal.
The jackal is lightly wounded.
The jackal bites you. x2
You hit the jackal but do no damage. Your kick misses the jackal.
The jackal is lightly wounded.
The jackal bites you.
The jackal bites you but does no damage.
You barely miss the jackal. Your peck misses the jackal.
The jackal is lightly wounded.
The jackal closely misses you.
You miss the jackal. Your kick misses the jackal.
The jackal is lightly wounded.
The jackal bites you but does no damage.
The jackal barely misses you.
You barely miss the jackal.
The jackal is lightly wounded.
The jackal barely misses you. The jackal bites you.
You die...

#+ #. #. ##.#
####...##
........# h#
#....#
....#.#h######.#
#....%@......#
###.#%########
#.#.#
ยค####.#.##
.....>...#
#.###.##.#
#.##.# #
##.##.### #.
#.......#+#


You could see a jackal.

Vanquished Creatures
  A ball python (D:1)
  An endoplasm (D:1)
  3 jackals (D:1)
5 creatures vanquished.

Notes
Turn   | Place    | Note
-------+----------+-------------------------------------------
     0 | D:1      | qw the Tengu Warper began the quest for the Orb.
     0 | D:1      | Reached XP level 1. HP: 12/12 MP: 4/4
     0 | D:1      | 0 ||| qw: Version: 0.1-a-89-g26bdef1
     0 | D:1      | 0 ||| qw: Game counter: 2324
     0 | D:1      | 0 ||| qw: Always use a shield: true
     0 | D:1      | 0 ||| qw: God list: Okawaru
     0 | D:1      | 0 ||| qw: Allow faded altars: false
     0 | D:1      | 0 ||| qw: Do Orc after D:15 true
     0 | D:1      | 0 ||| qw: Do second Lair branch before Depths: true
     0 | D:1      | 0 ||| qw: Lair rune preference: random
     0 | D:1      | 0 ||| qw: Plans: Normal
     0 | D:1      | 0 ||| PLANNING D:1-11
    38 | D:1      | 38 ||| Stepping ~*~*~tactically~*~*~ (stealth).
    43 | D:1      | 43 ||| Stepping ~*~*~tactically~*~*~ (stealth).
    44 | D:1      | 44 ||| Stepping ~*~*~tactically~*~*~ (stealth).
    54 | D:1      | Reached XP level 2. HP: 7/17 MP: 6/6
    55 | D:1      | HP: 3/17 [jackal (2)]
    59 | D:1      | Slain by a jackal

Levels and vault maps discovered:
D:1:      minmay_arrival_doors, layout_loops_corners, minmay_misc_feat_square

Action                   || total
-------------------------++-------
Melee: Hand axe          ||    17
       Peck              ||     2
       Kick              ||     1
Throw: Boomerang         ||     3
Armor: Leather armour    ||     7
Dodge: Dodged            ||    17

Table legend:
 A = Non-vault XP
 B = Vault XP
 C = Vault XP percentage of total XP
 D = Non-vault monster count
 E = Vault monster count
 F = Vault count percentage of total count
                 A         B        C        D         E       F
            +---------+---------+-------+---------+---------+-------
      Total |      10 |       0 |   0.0 |       5 |       0 |   0.0
            +---------+---------+-------+---------+---------+-------
        D:1 |      10 |       0 |   0.0 |       5 |       0 |   0.0
            +---------+---------+-------+---------+---------+-------
